PCL
SAN JOSE MISSIONS @ MILE HIGH BRONCOS
05/04/2026
 
TOP OF THE 1ST
San Jose Missions batting - Pitching for Mile High Broncos : RHP Thomas Fulton
Pitching: RHP Thomas Fulton
Batting: RHB Andrew Benson 0-0: Ball
1-0: Ball
2-0: Swinging Strike
2-1: Ball
3-1: Foul Ball, location: 2F
3-2: Base on Balls
Batting: RHB Jorge Díaz 0-0: Swinging Strike
0-1: DOUBLE (Groundball, 5L)
Andrew Benson to third
Batting: RHB Ramón Ruíz 0-0: Foul Ball, location: 2F
0-1: Ball
1-1: SINGLE (Line Drive, 4D)
Andrew Benson scores
Jorge Díaz to third
Batting: RHB Dale Taylor 0-0: Called Strike
0-1: Ball
1-1: Ball
2-1: Ball
3-1: Called Strike
3-2: Fly out, F8 (Flyball, 8RM)
Runner from 3rd tags up, OUT at HOME
Ramón Ruíz to second
Batting: RHB Chang-geun Kim 0-0: Swinging Strike
0-1: Foul Ball, location: 2F
0-2: DOUBLE (Flyball, 8LD)
Ramón Ruíz scores
Batting: RHB Armando López 0-0: Ground out 6-3 (Groundball, 56)
Top of the 1st over - 2 run(s), 3 hit(s), 0 error(s), 1 left on base; San Jose 2 - Mile High 0
BOTTOM OF THE 1ST
Mile High Broncos batting - Pitching for San Jose Missions : RHP Lee Donahue
Pitching: RHP Lee Donahue
Batting: SHB Tom Stevens 0-0: Ball
1-0: Ground out 4-3 (Groundball, 4)
Batting: SHB Paco Martínez 0-0: Ball
1-0: Ball
2-0: Swinging Strike
2-1: Bunt for hit - play at first, batter OUT! 5-3
Batting: LHB Tony Báez 0-0: Swinging Strike
0-1: Swinging Strike
0-2: Strikes out swinging
Bottom of the 1st over - 0 run(s), 0 hit(s), 0 error(s), 0 left on base; San Jose 2 - Mile High 0
TOP OF THE 2ND
San Jose Missions batting - Pitching for Mile High Broncos : RHP Thomas Fulton
Batting: RHB Greg Ball 0-0: TRIPLE (Flyball, 78XD)
Batting: RHB Kyle Williams 0-0: Ball
1-0: Foul Ball, location: 2F
1-1: Swinging Strike
1-2: Ball
Passed Ball!
Greg Ball scores
2-2: Ball
3-2: Fly out, F8 (Flyball, 8RS)
Batting: RHB Dale O'Feennaghty 0-0: Ball
1-0: Foul Ball, location: 2F
1-1: Ball
2-1: Foul Ball, location: 2F
2-2: Ball
3-2: Strikes out swinging
Batting: RHB Andrew Benson 0-0: Ground out 5-3 (Groundball, 5)
Top of the 2nd over - 1 run(s), 1 hit(s), 0 error(s), 0 left on base; San Jose 3 - Mile High 0
BOTTOM OF THE 2ND
Mile High Broncos batting - Pitching for San Jose Missions : RHP Lee Donahue
Batting: RHB António Martínez 0-0: Ball
1-0: SOLO HOME RUN (Flyball, 8RXD), Distance : 455 ft
Batting: RHB David Moran 0-0: Ball
1-0: Swinging Strike
1-1: SINGLE (Groundball, 5D)
Batting: RHB Bo Vickers 0-0: Called Strike
0-1: Ball
1-1: Ball
2-1: Called Strike
2-2: Foul Ball, location: 2F
2-2: Foul Ball, location: 2F
2-2: Ball
3-2: Fly out, F7 (Line Drive, 7M)
Batting: LHB Geoff Bradley 0-0: Ball
1-0: Ball
2-0: Called Strike
2-1: Fielders Choice at 2nd, 1-6 (Groundball, 15S)
Batting: RHB José Darias 0-0: Called Strike
0-1: Ground out 1-3 (Groundball, 15)
Bottom of the 2nd over - 1 run(s), 2 hit(s), 0 error(s), 1 left on base; San Jose 3 - Mile High 1
TOP OF THE 3RD
San Jose Missions batting - Pitching for Mile High Broncos : RHP Thomas Fulton
Batting: RHB Jorge Díaz 0-0: Foul Ball, location: 2F
0-1: Swinging Strike
0-2: Ball
1-2: Ball
2-2: Ball
3-2: Ground out 5-3 (Groundball, 5)
Batting: RHB Ramón Ruíz 0-0: Foul Ball, location: 2F
0-1: Ball
1-1: Ball
2-1: Ground out 6-3 (Groundball, 6)
Batting: RHB Dale Taylor 0-0: Foul Ball, location: 2F
0-1: Ball
1-1: Foul Ball, location: 2F
1-2: Ball
2-2: SINGLE (Groundball, 13) (infield hit)
Batting: RHB Chang-geun Kim 0-0: Called Strike
0-1: Swinging Strike
0-2: Strikes out swinging
Top of the 3rd over - 0 run(s), 1 hit(s), 0 error(s), 1 left on base; San Jose 3 - Mile High 1
BOTTOM OF THE 3RD
Mile High Broncos batting - Pitching for San Jose Missions : RHP Lee Donahue
Batting: RHB Francisco Medina 0-0: Called Strike
0-1: Ball
1-1: Foul Ball, location: 2F
1-2: Foul Ball, location: 2F
1-2: Ground out 4-3 (Groundball, 4)
Batting: SHB Tom Stevens 0-0: Ball
1-0: Called Strike
1-1: Called Strike
1-2: Strikes out looking
Batting: SHB Paco Martínez 0-0: Called Strike
0-1: Ball
1-1: Swinging Strike
1-2: Foul Ball, location: 2F
1-2: Fly out, F4 (Line Drive, 34)
Bottom of the 3rd over - 0 run(s), 0 hit(s), 0 error(s), 0 left on base; San Jose 3 - Mile High 1
TOP OF THE 4TH
San Jose Missions batting - Pitching for Mile High Broncos : RHP Thomas Fulton
Batting: RHB Armando López 0-0: Foul Ball, location: 2F
0-1: Ball
1-1: DOUBLE (Line Drive, 7LS)
Batting: RHB Greg Ball 0-0: Ground out 4-3 (Groundball, 4)
Armando López to third
Batting: RHB Kyle Williams 0-0: Called Strike
0-1: Fly out, F7 (Line Drive, 78D)
Runner from 3rd tags up, SCORES, no throw
Batting: RHB Dale O'Feennaghty 0-0: DOUBLE (Flyball, 89D)
Batting: RHB Andrew Benson 0-0: Called Strike
0-1: Ground out 5-3 (Groundball, 5S)
Top of the 4th over - 1 run(s), 2 hit(s), 0 error(s), 1 left on base; San Jose 4 - Mile High 1
BOTTOM OF THE 4TH
Mile High Broncos batting - Pitching for San Jose Missions : RHP Lee Donahue
Batting: LHB Tony Báez 0-0: Ball
1-0: Ground out 4-3 (Groundball, 4)
Batting: RHB António Martínez 0-0: Ground out 6-3 (Groundball, 6M)
Batting: RHB David Moran 0-0: Called Strike
0-1: Ball
1-1: SINGLE (Line Drive, 89M)
Batting: RHB Bo Vickers 0-0: Fly out, F9 (Flyball, 9M)
Bottom of the 4th over - 0 run(s), 1 hit(s), 0 error(s), 1 left on base; San Jose 4 - Mile High 1
TOP OF THE 5TH
San Jose Missions batting - Pitching for Mile High Broncos : RHP Thomas Fulton
Batting: RHB Jorge Díaz 0-0: Ball
1-0: Ball
2-0: Ball
3-0: Base on Balls
Batting: RHB Ramón Ruíz 0-0: Called Strike
0-1: Ball
1-1: DOUBLE (Flyball, 89D)
Jorge Díaz to third
Batting: RHB Dale Taylor 0-0: Intentional Walk
Batting: RHB Chang-geun Kim 0-0: SINGLE (Line Drive, 4MD)
Jorge Díaz scores
Ramón Ruíz to third
Dale Taylor to second
Batting: RHB Armando López 0-0: Ball
1-0: Ball
2-0: Foul Ball, location: 2F
2-1: Swinging Strike
2-2: Foul Ball, location: 2F
2-2: Ball
3-2: Strikes out swinging
Batting: RHB Greg Ball 0-0: Ball
1-0: Swinging Strike
1-1: Ball
2-1: Ball
3-1: Base on Balls
Ramón Ruíz scores
Dale Taylor to third
Chang-geun Kim to second
Batting: RHB Kyle Williams 0-0: Ball
1-0: Ball
2-0: Ball
3-0: Swinging Strike
3-1: Base on Balls
Dale Taylor scores
Chang-geun Kim to third
Greg Ball to second
Batting: RHB Dale O'Feennaghty 0-0: Called Strike
0-1: Foul Ball, location: 2F
0-2: Ball
1-2: Ball
2-2: Foul Ball, location: 2F
2-2: Ball
3-2: Fly out, F9 (Flyball, 9M)
Runner from 3rd tags up, SCORES, no throw
Pitching: RHP Hokusai Nakashima
Batting: RHB Andrew Benson 0-0: Called Strike
0-1: Called Strike
0-2: Strikes out swinging
Top of the 5th over - 4 run(s), 2 hit(s), 0 error(s), 2 left on base; San Jose 8 - Mile High 1
BOTTOM OF THE 5TH
Mile High Broncos batting - Pitching for San Jose Missions : RHP Lee Donahue
Batting: LHB Geoff Bradley 0-0: Fly out, F8 (Flyball, 89D)
Batting: RHB José Darias 0-0: Ball
1-0: Ball
2-0: Called Strike
2-1: Swinging Strike
2-2: Ball
3-2: Base on Balls
Batting: RHB Francisco Medina 0-0: Called Strike
0-1: Foul Ball, location: 2F
0-2: Foul Ball, location: 2F
0-2: Fly out, F9 (Flyball, 9M)
Batting: SHB Tom Stevens 0-0: Called Strike
0-1: Fly out, F8 (Flyball, 8LM)
Bottom of the 5th over - 0 run(s), 0 hit(s), 0 error(s), 1 left on base; San Jose 8 - Mile High 1
TOP OF THE 6TH
San Jose Missions batting - Pitching for Mile High Broncos : RHP Hokusai Nakashima
Batting: RHB Jorge Díaz 0-0: Ball
1-0: Swinging Strike
1-1: Ball
2-1: Swinging Strike
2-2: Foul Ball, location: 2F
2-2: Ball
3-2: SINGLE (Line Drive, 4M)
Batting: RHB Ramón Ruíz 0-0: Ball
1-0: Ball
2-0: Ball
3-0: Base on Balls
Jorge Díaz to second
Batting: RHB Dale Taylor 0-0: Foul Ball, location: 2F
0-1: Foul Ball, location: 2F
0-2: Strikes out swinging
Batting: RHB Chang-geun Kim 0-0: Ball
1-0: Fly out, F9 (Flyball, 9LM)
Batting: RHB Armando López 0-0: Called Strike
0-1: Ball
1-1: Swinging Strike
1-2: Foul Ball, location: 2F
1-2: Ball
2-2: Foul Ball, location: 2F
2-2: Strikes out swinging
Top of the 6th over - 0 run(s), 1 hit(s), 0 error(s), 2 left on base; San Jose 8 - Mile High 1
BOTTOM OF THE 6TH
Mile High Broncos batting - Pitching for San Jose Missions : RHP Lee Donahue
Batting: SHB Paco Martínez 0-0: Called Strike
0-1: Ball
1-1: Ball
2-1: Ground out 6-3 (Groundball, 6)
Batting: LHB Tony Báez 0-0: Foul Ball, location: 2F
0-1: Ball
1-1: DOUBLE (Groundball, 3D)
Batting: RHB António Martínez 0-0: DOUBLE (Flyball, 89D)
Tony Báez scores
Batting: RHB David Moran 0-0: Swinging Strike
0-1: Ball
1-1: Ball
2-1: Foul Ball, location: 2F
2-2: Fly out, F9 (Flyball, 9D)
Batting: RHB Bo Vickers 0-0: Called Strike
0-1: Called Strike
0-2: Ball
1-2: Strikes out swinging
Bottom of the 6th over - 1 run(s), 2 hit(s), 0 error(s), 1 left on base; San Jose 8 - Mile High 2
TOP OF THE 7TH
San Jose Missions batting - Pitching for Mile High Broncos : RHP Hokusai Nakashima
Batting: RHB Greg Ball 0-0: Fly out, F8 (Flyball, 8LXD)
Batting: RHB Kyle Williams 0-0: Ball
1-0: Bunt for hit - play at first, batter OUT! 2-3
Batting: RHB Dale O'Feennaghty 0-0: Ball
1-0: Called Strike
1-1: Called Strike
1-2: Strikes out looking
Top of the 7th over - 0 run(s), 0 hit(s), 0 error(s), 0 left on base; San Jose 8 - Mile High 2
BOTTOM OF THE 7TH
Mile High Broncos batting - Pitching for San Jose Missions : RHP Lee Donahue
Batting: LHB Geoff Bradley 0-0: Ground out 6-3 (Groundball, 6)
Batting: RHB José Darias 0-0: Called Strike
0-1: Fly out, F9 (Flyball, 89M)
Batting: RHB Francisco Medina 0-0: Ball
1-0: Ground out 6-3 (Groundball, 6M)
Bottom of the 7th over - 0 run(s), 0 hit(s), 0 error(s), 0 left on base; San Jose 8 - Mile High 2
TOP OF THE 8TH
San Jose Missions batting - Pitching for Mile High Broncos : RHP Hokusai Nakashima
Pitching: RHP John Burris
Batting: RHB Andrew Benson 0-0: Called Strike
0-1: Foul Ball, location: 2F
0-2: Ball
1-2: Ball
2-2: Ground out 5-3 (Groundball, 56)
Batting: RHB Jorge Díaz 0-0: Called Strike
0-1: Foul Ball, location: 2F
0-2: SINGLE (Groundball, 6MD)
Batting: RHB Ramón Ruíz 0-0: Ball
1-0: Ball
Jorge Díaz steals 2nd base
2-0: Called Strike
2-1: Foul Ball, location: 2F
2-2: SINGLE (Groundball, 56D)
Jorge Díaz to third
Runner from 3rd tries for Home, SAFE, throw made home
Batting: RHB Dale Taylor 0-0: Grounds into double play, 6-4-3 (Groundball, 6)
Top of the 8th over - 1 run(s), 2 hit(s), 0 error(s), 0 left on base; San Jose 9 - Mile High 2
BOTTOM OF THE 8TH
Mile High Broncos batting - Pitching for San Jose Missions : RHP Lee Donahue
Pitching: RHP Larry West
Now at 1B: Jorge Comacho
Now at 2B: Kieran Farris
Now at SS: Bobby Brewster
Batting: SHB Tom Stevens 0-0: Ball
1-0: Ball
2-0: Called Strike
2-1: Ball
3-1: Base on Balls
Batting: SHB Paco Martínez 0-0: Ball
1-0: Fielders Choice at 2nd, 5-4 (Groundball, 5L)
Batting: LHB Tony Báez 0-0: DOUBLE (Flyball, 89XD)
Paco Martínez to third
Batting: RHB António Martínez 0-0: Foul Ball, location: 2F
0-1: Fly out, F9 (Flyball, 89M)
Runner from 3rd tags up, SCORES, throw made
Batting: RHB David Moran 0-0: Ground out 4-3 (Groundball, 4)
Bottom of the 8th over - 1 run(s), 1 hit(s), 0 error(s), 1 left on base; San Jose 9 - Mile High 3
TOP OF THE 9TH
San Jose Missions batting - Pitching for Mile High Broncos : RHP John Burris
Batting: RHB Chang-geun Kim 0-0: Ball
1-0: Called Strike
1-1: Fly out, F4 (Popup, 4M)
Batting: RHB Armando López 0-0: Ball
1-0: Foul Ball, location: 2F
1-1: DOUBLE (Flyball, 78M)
Batting: RHB Greg Ball 0-0: Ball
1-0: Called Strike
1-1: Foul Ball, location: 2F
1-2: Strikes out looking
Batting: RHB Kyle Williams 0-0: Ball
1-0: Ball
2-0: Ball
3-0: Called Strike
3-1: Foul Ball, location: 2F
3-2: Base on Balls
Batting: RHB Dale O'Feennaghty 0-0: Ball
1-0: Ball
2-0: Foul Ball, location: 2F
2-1: Foul Ball, location: 2F
2-2: Strikes out swinging
Top of the 9th over - 0 run(s), 1 hit(s), 0 error(s), 2 left on base; San Jose 9 - Mile High 3
BOTTOM OF THE 9TH
Mile High Broncos batting - Pitching for San Jose Missions : RHP Larry West
Now at C: Elliott Rucker
Batting: RHB Bo Vickers 0-0: Called Strike
0-1: Ball
1-1: Ball
2-1: Ball
3-1: Ground out 6-3 (Groundball, 6M)
Batting: LHB Geoff Bradley 0-0: Ball
1-0: Foul Ball, location: 2F
1-1: Foul Ball, location: 2F
1-2: SINGLE (Groundball, 3D)
Batting: RHB José Darias 0-0: Ball
1-0: Ball
2-0: Foul Ball, location: 2F
2-1: Called Strike
2-2: Foul Ball, location: 2F
2-2: Fly out, F8 (Flyball, 8RM)
Batting: RHB Francisco Medina 0-0: Foul Ball, location: 2F
0-1: Fly out, F5 (Popup, 5DF)
Bottom of the 9th over - 0 run(s), 1 hit(s), 0 error(s), 1 left on base; San Jose 9 - Mile High 3
Monday, December 5th, 2016 - OOTP Baseball 17.12 Build 75